AoeStats
← El Pepe

Arabia

511132353Analyzed
2v2 RM · 4h ago on Oct 3, 2026· 35m 32s· 4 players
Game mode
Random Map
Map size
Medium (4 player)
Population
200
Speed
Normal
Resources
Standard
Victory
Conquest
Starting age
Dark Age
Ending age
Imperial Age
RankedLock teamsTeams togetherTeam positionsShared explorationLock speedFull tech treeHidden civsTurbo modeCheats
Victory
Defeat
🇦🇷 Khmer · Argentina
909
+17
🇦🇷 Franks · Argentina
856
+19
🇧🇷 Portuguese · Brazil
982
-20
🇧🇷 Huns · Brazil
885
-16
El Pepe
6:34 Loom
9:27 Feudal Age
13:36 Double-Bit Axe
13:32 Horse Collar
15:33 Town Watch
19:58 Castle Age
19:20 Gold Mining
21:14 Bloodlines
21:40 Bow Saw
21:36 Heavy Plow
23:14 Scale Mail Armor
23:26 Forging
22:46 Crossbowman
28:57 Fletching
29:50 Bodkin Arrow
30:30 Elite Skirmisher
31:47 Scale Barding Armor
34:52 Chain Barding Armor
38:38 Imperial Age
36:46 Wheelbarrow
Mini Pepe
8:09 Loom
10:15 Feudal Age
15:28 Double-Bit Axe
15:38 Gold Mining
21:26 Castle Age
25:13 Gold Shaft Mining
26:50 Scale Barding Armor
28:51 Fletching
29:22 Chain Barding Armor
32:06 Elite Skirmisher
34:13 Bodkin Arrow
34:19 Padded Archer Armor
36:12 Ballistics
CORONEL-JLOPESCO
3:22 Loom
13:14 Feudal Age
13:52 Double-Bit Axe
16:59 Horse Collar
18:59 Arson
25:08 Castle Age
23:12 Gold Mining
24:12 Scale Mail Armor
24:51 Fletching
26:17 Bow Saw
28:54 Squires
29:36 Pikeman
ralf.ink
1:22 Loom
9:57 Feudal Age
10:30 Double-Bit Axe
10:58 Horse Collar
22:04 Castle Age
21:40 Forging
22:27 Pikeman
25:15 Gold Mining
26:05 Iron Casting
28:31 Elite Skirmisher
31:13 Fletching
31:24 Scale Mail Armor
34:23 Crossbowman
35:20 Bodkin Arrow
35:41 Chain Mail Armor
Connection lost

Rejoining the realm…

Still unreachable

The connection could not be restored.

Session expired

The server has moved on; the page needs a fresh start.